 Dungeon Crawl Stone Soup version 0.31.0-12-g77e489cdc1 (webtiles) character file.

Game seed: 8082591728276042492

44 lordive the Ruffian (level 3, -5/26 HPs)
             Began as a Demonspawn Shapeshifter on Feb 29, 2024.
             Slain by a gnoll
             ... wielding a +0 spear
              (6 damage)
             ... on level 3 of the Dungeon.
             The game lasted 00:01:27 (1824 turns).

lordive the Ruffian (Demonspawn Shapeshifter)       Turns: 1824, Time: 00:01:28

Health: -5/26      AC:  2    Str: 14    XL:     3   Next: 41%
Magic:  3/3        EV: 12    Int: 12    God:
Gold:   56         SH:  4    Dex: 12    Spells: 2/2 levels left

rFire   . .          .
                       - Unarmed
rCold   . . .        (no shield)
rNeg    . . .        a - +0 animal skin
rPois   .            (helmet currently unavailable)
rElec   .            (cloak currently unavailable)
rCorr   .            (gloves currently unavailable)
SInv    .            (boots currently unavailable)
Will    .....        (no amulet)
Stlth   +            (no ring)
HPRegen 0.24/turn    (no ring)
MPRegen 0.08/turn

%: no passive effects
@: beast-form
A: beast (slay +1), condensation shield, weakness stinger 1
a: Begin Untransformation


You were on level 3 of the Dungeon.
You were a hulking beast.
You visited 1 branch of the dungeon, and saw 3 of its levels.

You collected 56 gold pieces.

Inventory:

Armour
 a - a +0 animal skin (worn)
 e - a +0 helmet
Jewellery
 l - a ring of ice
Talismans
 c - a beast talisman
 d - a flux talisman
Scrolls
 h - 2 scrolls of teleportation {unknown}
 i - 2 scrolls of immolation {unknown}
 k - a scroll of butterflies {unknown}
 m - 2 scrolls of enchant weapon {unknown}
Potions
 b - a potion of lignification
 f - 2 potions of attraction {unknown}
 g - a potion of degeneration {unknown}
 j - a potion of ambrosia {unknown}
 n - a potion of magic {unknown}


   Skills:
 + Level 1.0 Fighting
 + Level 1.9 Dodging
 + Level 3.5 Unarmed Combat
 + Level 3.2 Shapeshifting


You had 2 spell levels left.
You didn't know any spells.
Your spell library contained the following spells:

 Spells                   Type           Power      Damage    Failure   Level
 Lesser Beckoning         Tloc           0%         N/A       45%         2
 Gell's Gravitas          Tloc           0%         N/A       69%         3
 Teleport Other           Tloc           0%         N/A       69%         3


Dungeon Overview and Level Annotations

Branches:
Dungeon (3/15)

Altars:
Ru


Innate Abilities, Weirdness & Mutations

You are a hulking beast.
Your limbs bulge with bestial killing power. (Slay +1)
A meltable shield of frost defends you. (SH +4)
You have a small tail.


Message History

Deactivating autopickup; reactivate with Ctrl-A.
The orc closely misses you.
You hear a shout!
The gnoll hits you from afar with a +0 spear!
The orc attacks as it pursues you! The orc barely misses you.
The orc attacks as it pursues you! The orc closely misses you.
The gnoll attacks as it pursues you!
The gnoll hits you from afar with a +0 spear!
* * * LOW HITPOINT WARNING * * *
The orc attacks as it pursues you! The orc barely misses you.
You punch the orc!
You kill the orc!
You hit the adder.
The adder is heavily wounded.
You block the adder's attack.
A kobold comes into view. It is wielding a +0 club.
You miss the adder.
The adder is heavily wounded.
The kobold shouts!
The adder misses you. The gnoll misses you.
You punch the adder!
You kill the adder!
The gnoll misses you. The gnoll closely misses you.
Things that are here:
37 gold pieces; a +0 whip You hit the gnoll.
The gnoll is heavily wounded.
The gnoll closely misses you.
You hit the gnoll.
The gnoll is severely wounded.
The gnoll misses you.
You closely miss the gnoll.
The gnoll is severely wounded.
The gnoll hits you with a +0 spear!
* * * LOW HITPOINT WARNING * * *
You barely miss the gnoll.
The gnoll is severely wounded.
The gnoll hits you with a +0 spear.
You die...

.... .# #
#...##.###.
..#....#.
##......# #
#.......#.#
##.......#.#####
.......o{K......
####...#g#.#####
#...#h# #
##.##.# #<....#
#..#### #..#
#..# #).# #..#
#..#


You could see a gnoll, an orc and a kobold.

Vanquished Creatures
  An adder (D:3)
  2 dart slugs (D:2)
  An orc (D:3)
  A giant cockroach (D:2)
  6 goblins
  3 hobgoblins (D:1)
  2 kobolds (D:1)
  2 quokkas
  2 ball pythons (D:1)
  4 bats
  2 frilled lizards
  5 rats
31 creatures vanquished.

Notes
Turn   | Place    | Note
-------+----------+-------------------------------------------
     0 | D:1      | lordive the Demonspawn Shapeshifter began the quest for the
                  | Orb.
     0 | D:1      | Reached XP level 1. HP: 15/15 MP: 1/1
   322 | D:1      | Gained mutation: You have a small tail. [demonic ancestry]
   322 | D:1      | Reached XP level 2. HP: 14/21 MP: 2/2
  1613 | D:2      | Gained mutation: A meltable shield of frost defends you.
                  | (SH +4) [demonic ancestry]
  1613 | D:2      | Reached XP level 3. HP: 22/26 MP: 3/3
  1739 | D:3      | Found a sacrificial altar of Ru.
  1823 | D:3      | HP: 1/26 [gnoll/+0 spear (7)]
  1824 | D:3      | Slain by a gnoll

Illustrated notes

Levels and vault maps discovered:
D:1:      roderic_crossed_star, layout_basic, serial_forest,
          infiniplex_forest_lined_3, infiniplex_forest_fountain,
          infiniplex_forest_lined_room_2, infiniplex_forest_corner_1,
          infiniplex_forest_lined_2, infiniplex_forest_zigzag_2,
          hangedman_glass_teeth
D:2:      layout_basic
D:3:      layout_loops_ring, nicolae_ru_great_annihilating_truth,
          trog_three_pillars_becter

Skill      XL: |  1  2 |
---------------+-------+-----
Shapeshifting  | 3 |  3.2
Unarmed Combat | 3 |  3.5
Fighting       | |  1.0
Dodging        | |  1.9

Action                     || total
---------------------------++-------
  Melee: Unarmed           ||    97
         Tailslap          ||     7
   Stab: Paralysed         ||     1
         Sleeping          ||     1
 Armour: Animal skin       ||    46
  Dodge: Dodged            ||    56
  Block: Other             ||     1
